 Dungeon Crawl Stone Soup version 0.31-a0-667-g39726597b9 (webtiles) character file.

Game seed: 6886948584655246879

129 jlumianski the Trooper (level 4, -6/34 (37) HPs)
             Began as a Demonspawn Fighter on Sept 3, 2023.
             Mangled by a hell rat (13 damage)
             ... in a sewer.
             The game lasted 00:06:14 (1105 turns).

jlumianski the Trooper (Demonspawn Fighter)         Turns: 1105, Time: 00:06:15

HP:   -6/34 (37)    AC: 11    Str: 18    XL:     4   Next: 88%
MP:   4/4           EV:  7    Int:  9    God:
Gold: 48            SH:  4    Dex: 13    Spells: 3/3 levels left

rFire   . . .        a - +0 war axe
rCold   . . .        c - +0 buckler
rNeg    . . .        p - +0 chain mail
rPois   .            l - +0 helmet
rElec   .            (no cloak)
rCorr   .            (no gloves)
SInv    .            (no boots)
Will    .....        (no amulet) Stlth
                     (no ring)
HPRegen 0.25/turn    (no ring)
MPRegen 0.09/turn

%: no passive effects
@: drained
A: demonic guardian 1, sharp scales 1
a: no special abilities


You were in a sewer.
You visited 1 branch of the dungeon, and saw 3 of its levels.
You also visited: Sewer.

You collected 48 gold pieces.

Inventory:

Hand Weapons
 a - a +0 war axe (weapon)
Missiles
 h - 21 stones
 j - 4 boomerangs (quivered)
Armour
 b - a +0 scale mail
 c - a +0 buckler (worn)
 l - a +0 helmet (worn)
 p - a +0 chain mail (worn)
 s - a +2 ring mail of cold resistance
Talismans
 m - a dragon-blood talisman
 o - a blade talisman
Scrolls
 i - a scroll of vulnerability
 n - 2 scrolls of fog
 r - a scroll of teleportation {unknown}
Potions
 d - a potion of might
 e - a potion of invisibility
 f - a potion of magic
 g - a potion of enlightenment {unknown}
 k - a potion of resistance {unknown}


   Skills:
 + Level 3.8 Fighting
 - Level 2.4 Axes
 - Level 3.0 Armour
 + Level 1.1 Dodging
 + Level 0.6 Stealth
 - Level 2.8 Shields
 * Level 1.8 Shapeshifting


You had 3 spell levels left.
You didn't know any spells.
Your spell library contained the following spells:

 Spells                   Type           Power      Damage    Failure   Level
 Necrotise                Necr           0%         1d4       99%         1
 Vampiric Draining        Necr           0%         2d6       100%        3
 Agony                    Necr           0%         N/A       100%        5


Dungeon Overview and Level Annotations

Branches:
Dungeon (3/15)              Sewer (1/1)

Altars:

Shops:
D:1 :


Innate Abilities, Weirdness & Mutations

A weak demonic guardian rushes to your aid.
You are partially covered in razor-sharp scales. (AC +1, Slay +1)


Message History

The river rat is severely wounded.
The river rat closely misses you.
You hit the river rat.
You kill the river rat!
You enter the shallow water.
Moving in this stuff is going to be slow.
You see here a river rat corpse.
You enter the shallow water.
Moving in this stuff is going to be slow.
You enter the shallow water.
Moving in this stuff is going to be slow.
You enter the shallow water.
Moving in this stuff is going to be slow.
You enter the shallow water.
Moving in this stuff is going to be slow.
You enter the shallow water.
Moving in this stuff is going to be slow.
You enter the shallow water.
Moving in this stuff is going to be slow.
You see here a river rat corpse.
You enter the shallow water.
Moving in this stuff is going to be slow.
You open the door.
A hell rat comes into view.
Found six items.
Found a gate leading back out of this place.
The hell rat bites you!
You completely miss the hell rat. The hell rat bites you!
You feel drained.
You closely miss the hell rat. The hell rat bites you!
* * * LOW HITPOINT WARNING * * *
A demonic guardian appears!
You feel drained. You block the hell rat's attack.
You hit the hell rat.
The hell rat is lightly wounded.
You block the hell rat's attack. x2; Your quasit barely misses the hell rat.
Your quasit closely misses the hell rat.
Your quasit barely misses the hell rat.
You hit the hell rat.
The hell rat is moderately wounded.
The hell rat bites you!
You die...

#########
###~..~.~~###
###.~†.~@5~~..###
#~~.~~##r##.~†.~#
##~~~###.~~###~~~##
#.~.## ~~~~~ ##~~~#
#.~.# ~~~~~.~ #~~~#
#~..##.!!??!.##~.~#
##.~.###!∩!###~.~##
#~.~~~#####~.~..#
###.~~~.∩~....###


You could see a hell rat (ally target) and a friendly quasit (summoned).

Vanquished Creatures
  2 gnolls (D:3)
  4 adders
  A river rat (Sewer)
  A worm (D:3)
  2 endoplasms (D:1)
  3 giant cockroaches (D:1)
  2 goblins (D:1)
  5 hobgoblins
  4 jackals (D:1)
  A kobold (D:1)
  2 quokkas (D:2)
  2 ball pythons
  3 bats
  3 frilled lizards
  7 rats
42 creatures vanquished.

Vanquished Creatures (collateral kills)
  An adder (D:3)
  A river rat (Sewer)
  2 giant cockroaches (D:3)
4 creatures vanquished.

Grand Total: 46 creatures vanquished

Notes
Turn   | Place    | Note
-------+----------+-------------------------------------------
     0 | D:1      | jlumianski the Demonspawn Fighter began the quest for the
                  | Orb.
     0 | D:1      | Reached XP level 1. HP: 18/18 MP: 1/1
    85 | D:2      | Gained mutation: You are partially covered in razor-sharp
                  | scales. (AC +1, Slay +1) [demonic ancestry]
    85 | D:2      | Reached XP level 2. HP: 24/24 MP: 2/2
   110 | D:1      | Found Vairhek's Book Shop.
   556 | D:1      | Reached XP level 3. HP: 26/29 MP: 3/3
   844 | D:3      | Reached skill level 1 in Shapeshifting
   848 | D:3      | Gained mutation: A weak demonic guardian rushes to your
                  | aid. [demonic ancestry]
   848 | D:3      | Reached XP level 4. HP: 35/35 MP: 4/4
   879 | D:3      | Found a glowing drain.
   909 | Sewer    | Entered a sewer
   984 | Sewer    | Reached skill level 1 in Dodging
  1105 | Sewer    | Mangled by a hell rat

Illustrated notes

Levels and vault maps discovered:
D:1:      eino_arrival_water_star, layout_rooms, serial_shops,
          nicolae_shop_hallway_stairs
D:2:      cheibrodos_pilgrimage, layout_loops_ring,
          shapermc_ecumenical_altar_mp_highgroup
D:3:      layout_rooms, gup_sewer_entry_glass
Sewer:    sewer_hellmonk_bad_rat

Skill      XL: |  1  2  3  4 |
---------------+-------------+-----
Armour         | 3 |  3.0
Axes           | 2 |  2.4
Shapeshifting  | 1 |  1.8
Dodging        | 1 |  1.1
Fighting       | |  3.8
Stealth        | |  0.6
Shields        | |  2.8

Action                     |  1- 3 |  4- 6 || total
---------------------------+-------+-------++-------
  Melee: War axe           |    98 |    32 ||   130
    Use: Scroll            |     6 |       ||     6
 Armour: Scale mail        |    74 |       ||    74
         Chain mail        |     4 |    33 ||    37
  Dodge: Dodged            |    36 |     6 ||    42
  Block: Buckler           |    25 |    13 ||    38

Table legend: (Time is in decaauts)
 A = Elapsed time spent in this place.
 B = Non-inter-level travel time spent in this place.
 C = Inter-level travel time spent in this place.
 D = Time resting spent in this place.
 E = Time spent auto-exploring this place.
 F = Levels seen in this place.
 G = Mean time per level.
                   A        B        C        D        E       F      G
               +--------+--------+--------+--------+--------+-----+--------+
         Total |   1183 |   1163 |     20 |    111 |    345 |   4 |  295.8 |
       Dungeon |    962 |    942 |     20 |      0 |    341 |   3 |  320.7 |
         Sewer |    220 |    220 |      0 |    111 |      4 |   1 |  220.0 |
               +--------+--------+--------+--------+--------+-----+--------+

Top non-repeatable levels by time:
     D:1: 632 daAuts
   Sewer: 220 daAuts
     D:2: 177 daAuts
     D:3: 152 daAuts
